 Dungeon Crawl Stone Soup version 0.30-a0-652-gcc886f7154 (webtiles) character file.

Game seed: 15649007107986008827

94 testman the Grave Robber (level 4, -3/30 HPs)
             Began as a Demonspawn Necromancer on Jan 17, 2023.
             Was an Initiate of Okawaru.
             Slain by a goblin
             ... wielding a +0 club
              (4 damage)
             ... on level 3 of the Dungeon.
             The game lasted 00:06:16 (2654 turns).

testman the Grave Robber (Demonspawn Necromancer)   Turns: 2654, Time: 00:06:17

Health: -3/30      AC:  7    Str:  8    XL:     4   Next: 38%
Magic:  6/8        EV: 12    Int: 19    God:    Okawaru [......]
Gold:   144        SH:  0    Dex: 13    Spells: 4/8 levels left

rFire   . . .      SeeInvis .    c - +0 dagger
rCold   . . .      Faith    .    (no shield)
rNeg    . . .      Spirit   .    a - +0 robe
rPois   .          Reflect  .    (no helmet)
rElec   .          Harm     .    (no cloak)
rCorr   .          Rampage  .    k - +2 pair of gloves
Will    .....                    p - +1 pair of boots
Stlth   ++                       (no amulet)
HPRegen 0.25/turn                (no ring)
MPRegen 0.11/turn                (no ring)

@: lethally poisoned (-3 -> -9)
A: weakness stinger 1
a: Renounce Religion


You were on level 3 of the Dungeon.
You worshipped Okawaru.
Okawaru was noncommittal.
You visited 1 branch of the dungeon, and saw 3 of its levels.

You collected 144 gold pieces.

Inventory:

Hand Weapons
 c - a +0 dagger (weapon)
Armour
 a - a +0 robe (worn)
 i - a +2 scale mail of fire resistance
 k - a +2 pair of gloves (worn)
 p - a +1 pair of boots (worn)
Scrolls
 d - 3 scrolls of amnesia {unknown}
 e - a scroll of teleportation {unknown}
 f - 2 scrolls of identify {unknown}
 g - 2 scrolls of brand weapon {unknown}
 m - 2 scrolls of blinking {unknown}
 o - 2 scrolls of enchant weapon {unknown}
Potions
 b - 2 potions of magic
 h - a potion of degeneration {unknown}
 j - a potion of cancellation {unknown}
 l - a potion of flight {unknown}
 n - a potion of curing {unknown}
 q - a potion of brilliance {unknown}
 r - a potion of mutation {unknown}
 s - a potion of haste {unknown}


   Skills:
 + Level 2.5 Dodging
 + Level 2.6 Stealth
 + Level 2.7 Spellcasting
 + Level 5.0 Necromancy


You had 4 spell levels left.
You knew the following spells:

 Your Spells              Type           Power      Damage    Failure   Level
a - Necrotise             Necr           84%        1d8       1%          1
b - Vampiric Draining     Necr           21%        2d7       6%          3

Your spell library contained the following spells:

 Spells                   Type           Power      Damage    Failure   Level
 Freeze                   Ice            8%         1d3       16%         1
 Sandblast                Erth           4%         2d4       16%         1
 Passwall                 Tmut/Erth      1%         N/A       24%         2
 Frozen Ramparts          Ice            4%         1d1       43%         3
 Hailstorm                Conj/Ice       2%         3d3       43%         3
 Stone Arrow              Conj/Erth      4%         3d7       43%         3
 Agony                    Necr           21%        N/A       50%         5
 Animate Dead             Necr           Unusable   N/A       N/A         4

Dungeon Overview and Level Annotations

Branches:
Dungeon (3/15)

Altars:
Nemelex Xobeh
Okawaru

Annotations:
D:3 Ijyb


Innate Abilities, Weirdness & Mutations

You have a small tail.


Message History

You kill the goblin!
Okawaru accepts your kill.
The goblin shoots a sling bullet.
The sling bullet hits you. The goblin barely misses you.
You barely miss the goblin. The goblin barely misses you.
You closely miss the goblin.
The goblin hits you but does no damage. x2
You hit the goblin.
You kill the goblin!
Okawaru accepts your kill. The goblin barely misses you.
You completely miss Ijyb. You tail-slap Ijyb, but do no damage.
The goblin hits you but does no damage. The goblin barely misses you.
You hit Ijyb but do no damage. Ijyb hits you but does no damage.
The goblin hits you but does no damage.
You hit Ijyb but do no damage. Ijyb hits you with a +0 club.
The goblin closely misses you. The goblin hits you but does no damage.
The goblin hits you with a +1 dagger of venom.
You are poisoned.
The goblin hits you with a +0 club.
You are too injured to fight recklessly!
You are too injured to fight recklessly!
You are too injured to fight recklessly!
Aiming: Necrotise (safe; 1% risk of failure)
Press: ? - help, Q - select action, (/) - cycle Shift-Dir - straight line, f - Ijyb
Aim: Ijyb, wielding a +0 club, wearing a +0 scale mail and carrying a wand of mindburst (4) (chance to affect: 85%) Ijyb writhes in agony.
* * * LOW HITPOINT WARNING * * *
You feel very sick.
Ijyb zaps a wand.
Your mind is blasted!
* * * LOW HITPOINT WARNING * * *
The goblin barely misses you. The goblin hits you but does no damage.
The goblin barely misses you. The goblin hits you but does no damage.
Aiming: Necrotise (safe; 1% risk of failure)
Press: ? - help, Q - select action, (/) - cycle Shift-Dir - straight line, f/p - Ijyb
Aim: Ijyb, wielding a +0 club, wearing a +0 scale mail and carrying a wand of mindburst (3) (moderately wounded, chance to affect: 85%) Ijyb barely resists.
* * * LOW HITPOINT WARNING * * *
You feel sick. Ijyb hits you but does no damage.
The goblin closely misses you. x2
The goblin misses you. The goblin hits you with a +0 club.
You die...

#..# ##.#.#..#.##.## #..#
#########.......#.#.... #..###
#..?.(..##.#....#.#..## .....#
#8.....8##.#..#...#.... ...<.#
#.......##.#........##.
..........#8.....8##.########.##)
.....#...##......(##...........#.
.....# .###8...gg8###.#######....
###### # #...|g@g# #.# ........
#8...g.8###.###..##....
......$...........##...#
#........###.###.###....
########## #.###.# ##..#
#.....####... #...........#
###########.# #..


You could see Ijyb and 4 goblins.

Vanquished Creatures
  3 adders
  A worm (D:3)
  A dart slug (D:3)
  4 orcs (D:3)
  2 endoplasms
  4 giant cockroaches
  4 hobgoblins
  4 quokkas
  3 ball pythons
  7 bats
  A frilled lizard (D:1)
  10 goblins
  2 kobolds
  4 rats
50 creatures vanquished.

Vanquished Creatures (collateral kills)
  An endoplasm (D:2)
  A goblin (D:2)
  A hobgoblin (D:2)
3 creatures vanquished.

Grand Total: 53 creatures vanquished

Notes
Turn   | Place    | Note
-------+----------+-------------------------------------------
     0 | D:1      | testman the Demonspawn Necromancer began the quest for the
                  | Orb.
     0 | D:1      | Reached XP level 1. HP: 13/13 MP: 3/3
   289 | D:1      | Discovered your monstrous ancestry.
   289 | D:1      | Gained mutation: You have a small tail. [demonic ancestry]
   289 | D:1      | Reached XP level 2. HP: 19/19 MP: 5/5
  1320 | D:2      | Reached XP level 3. HP: 24/24 MP: 4/6
  1333 | D:2      | Learned a level 3 spell: Vampiric Draining
  2056 | D:3      | Reached XP level 4. HP: 24/30 MP: 7/7
  2271 | D:3      | Found an iron altar of Okawaru.
  2278 | D:3      | Found a sparkling altar of Nemelex Xobeh.
  2290 | D:3      | Became a worshipper of Warmaster Okawaru
  2446 | D:3      | Reached skill level 5 in Necromancy
  2642 | D:3      | Noticed Ijyb
  2654 | D:3      | HP: 1/30 [poisoned by a goblin]
  2654 | D:3      | Slain by a goblin

Illustrated notes

Levels and vault maps discovered:
D:1:      lemuel_arrival_behind_the_door_large, layout_loops_ring,
          nicolae_hexahallways, roderic_lattice_a
D:2:      minmay_alternating_diamond, layout_loops_ring
D:3:      kennysheep_the_goblin_king, layout_loops_ring,
          grunt_temple_overflow_champion_of_chaos,
          mainiacjoe_overflow_big_doors, small_statue_alley_b,
          minmay_misc_feat_columns

Skill      XL: |  1  2  3  4 |
---------------+-------------+-----
Stealth        | 2 |  2.6
Dodging        | 2 |  2.5
Necromancy     | 5 |  5.0
Spellcasting   | |  2.7

Action                   |  1- 3 |  4- 6 || total
-------------------------+-------+-------++-------
Melee: Dagger            |    73 |    31 ||   104
       Tailslap          |     5 |     9 ||    14
 Cast: Necrotise         |    42 |    19 ||    61
       Vampiric Draining |       |     1 ||     1
 Stab: Sleeping          |     7 |       ||     7
Armor: Robe              |    28 |    16 ||    44
Dodge: Dodged            |    52 |    23 ||    75

Table legend: (Time is in decaauts)
 A = Elapsed time spent in this place.
 B = Non-inter-level travel time spent in this place.
 C = Inter-level travel time spent in this place.
 D = Time resting spent in this place.
 E = Time spent auto-exploring this place.
 F = Levels seen in this place.
 G = Mean time per level.
                   A        B        C        D        E       F      G
               +--------+--------+--------+--------+--------+-----+--------+
         Total |   2653 |   2512 |    141 |      0 |   2115 |   3 |  884.3 |
       Dungeon |   2653 |   2512 |    141 |      0 |   2115 |   3 |  884.3 |
               +--------+--------+--------+--------+--------+-----+--------+

Top non-repeatable levels by time:
     D:1: 1182 daAuts
     D:2: 858 daAuts
     D:3: 611 daAuts
